 Dungeon Crawl Stone Soup version 0.30-a0-883-g5ad918d77d (webtiles) character file.

Game seed: 18332504634687012642

582891 oldriver the Cryomancer (level 25, -21/224 HPs)
             Began as a Black Draconian Ice Elementalist on Mar 17, 2023.
             Was the Champion of Vehumet.
             Demolished by a tentacled monstrosity (24 damage)
             ... on level 2 of the Realm of Zot.
             The game lasted 02:36:51 (86357 turns).

oldriver the Cryomancer (DrIE)                     Turns: 86357, Time: 02:37:03

Health: -21/224    AC: 27    Str: 15    XL:     25   Next: 43%
Magic:  43/58      EV: 18    Int: 40    God:    Vehumet [******]
Gold:   4924       SH: 20    Dex: 24    Spells: 2/66 levels left

rFire   + + +      SeeInvis +    a - +3 Elemental Staff {rElec rF++ rC++ AC+5}
rCold   + + .      Faith    .    b - +5 kite shield {rN+}
rNeg    + . .      Spirit   .    (body armour unavailable)
rPois   +          Reflect  .    u - +3 hat of Pondering {ponderous, Will+ MP+10 Int+5}
rElec   +          Rampage  .    K - +2 cloak {rCorr}
rCorr   +                        H - +1 pair of gloves "Garr" {rF+ Dex+6 SInv}
Will    ++++.                    Y - +1 pair of boots of Darkness {rPois}
Stlth   ++++++                   D - amulet of magic regeneration
HPRegen 0.57/turn                V - ring of Taughalobi {Drain rElec Will+ Int+2 Dex+6}
MPRegen 0.76/turn                Z - ring of Reont {Will+ Str+4 Int+6}

@: flying, hasted and slowed, constricted, studying 2 skills, slow
A: breathe lightning, AC +12, unfitting armour, big wings, electricity
resistance, cold-blooded
}: 4/15 runes: decaying, serpentine, slimy, silver
a: Breathe Lightning, Renounce Religion


You were on level 2 of the Realm of Zot.
You worshipped Vehumet.
Vehumet was exalted by your worship.
You visited 13 branches of the dungeon, and saw 54 of its levels.
You also visited: Ice Cave.

You collected 10872 gold pieces.
You spent 5948 gold pieces at shops.

Inventory:

Hand Weapons
 a - the +3 Elemental Staff (weapon) {rElec rF++ rC++ AC+5}
   (You bought it in a shop on level 2 of the Orcish Mines)

   It enhances your fire, ice, earth and air magic.
   AC:        It affects your AC (+5).
   rF:        It greatly protects you from fire.
   rC:        It greatly protects you from cold.
   rElec:     It insulates you from electricity.
Armour
 b - a +5 kite shield of positive energy (worn)
 u - the +3 hat of Pondering (worn) {ponderous, Will+ MP+10 Int+5}
   (You took it off Gastronok on level 8 of the Dungeon)

   Int:       It affects your intelligence (+5).
   MP:        It affects your magic capacity (+10).
   Will:      It increases your willpower.
 H - the +1 pair of gloves "Garr" (worn) {rF+ Dex+6 SInv}
   (You found it in an ice cave)

   Dex:       It affects your dexterity (+6).
   rF:        It protects you from fire.
   SInv:      It lets you see invisible.
 J - the +3 warlock's mirror {omnireflect}
   (You bought it in a shop on level 3 of the Elven Halls)

   Omnireflect: It can block and reflect piercing ranged attacks and magical
   attacks against the wielder's willpower.
 K - a +2 cloak of preservation (worn)
 Y - the +1 pair of boots of Darkness (worn) {rPois}
   (You found it on level 3 of the Snake Pit)

   rPois:     It protects you from poison.
Jewellery
 h - a +6 ring of intelligence
 p - the ring "Qeupp" {Will+ rCorr Dex+8 SInv Stlth-}
   (You found it on level 4 of the Dungeon)

   [ring of willpower]

   Dex:       It affects your dexterity (+8).
   SInv:      It lets you see invisible.
   rCorr:     It protects you from acid and corrosion.
   Will:      It increases your willpower.
   Stlth:     It makes you less stealthy.
 y - the amulet of Utamut {Acrobat rN+}
   (You took it off a deep elf blademaster on level 3 of the Elven Halls)

   [amulet of the acrobat]

   It increases your evasion while moving and waiting.
   rN:        It protects you from negative energy.
 D - an amulet of magic regeneration (around neck)
 V - the ring of Taughalobi (left hand) {Drain rElec Will+ Int+2 Dex+6}
   (You took it off a deep elf pyromancer on level 3 of the Elven Halls)

   [ring of dexterity]

   Int:       It affects your intelligence (+2).
   Dex:       It affects your dexterity (+6).
   rElec:     It insulates you from electricity.
   Drain:     It drains your maximum health when unequipped.
   Will:      It increases your willpower.
 Z - the ring of Reont (right hand) {Will+ Str+4 Int+6}
   (You bought it in a shop on level 4 of the Vaults)

   [ring of intelligence]

   Str:       It affects your strength (+4).
   Int:       It affects your intelligence (+6).
   Will:      It increases your willpower.
Wands
 q - a wand of polymorph (26)
 s - a wand of digging (9)
 v - a wand of flame (95)
 w - a wand of mindburst (21)
 B - a wand of roots (42)
 N - a wand of quicksilver (31)
 P - a wand of paralysis (33)
Scrolls
 d - 4 scrolls of amnesia
 g - 9 scrolls of poison
 m - 22 scrolls of teleportation
 n - 2 scrolls of blinking
 A - a scroll of butterflies
 C - 10 scrolls of fog
 F - 11 scrolls of fear
 G - 3 scrolls of enchant weapon
 M - 4 scrolls of magic mapping
 O - 3 scrolls of silence
Potions
 c - 3 potions of berserk rage
 f - 8 potions of might
 i - 38 potions of curing
 j - 7 potions of mutation
 k - 2 potions of magic
 l - 10 potions of heal wounds
 o - 15 potions of flight
 r - 11 potions of degeneration
 t - 2 potions of invisibility
 x - 5 potions of brilliance
 z - a potion of haste
 E - 7 potions of attraction
 I - 4 potions of cancellation
 L - 8 potions of lignification
 Q - a potion of ambrosia
 T - 3 potions of resistance
Miscellaneous
 U - a condenser vane
 W - a tin of tremorstones (2/2)
 X - a phantom mirror


   Skills:
 + Level 18.1 Fighting
 + Level 13.2 Staves
 - Level 10.0 Ranged Weapons
 - Level 12.0 Dodging
 - Level 15.0 Stealth
 - Level 14.0 Shields
 + Level 21.0 Spellcasting
 - Level 10.0 Conjurations
 - Level 5.2 Fire Magic
 - Level 22.0 Ice Magic
 - Level 16.0 Air Magic
 - Level 12.0 Evocations


You had 2 spell levels left.
You knew the following spells:

 Your Spells              Type           Power      Damage    Failure   Level
a - Airstrike             Air            65%        2d(10-26) 0%          4
b - Frozen Ramparts       Ice            100%       1d16      0%          3
c - Ozocubu's Armour      Ice            100%       N/A       0%          3
d - Maxwell's Capacitive  Air            65%        ∞         2%          8
e - Swiftness             Air            100%       N/A       0%          3
f - Fireball              Conj/Fire      50%        3d20      1%          5
g - Chain Lightning       Conj/Air       60%        3d80      75%         9
i - Ignition              Fire           45%        3d13      86%         8
j - Arcjolt               Conj/Air       60%        1d70      1%          5
o - Ozocubu's Refrigerat  Ice            72%        4d23      1%          7
v - Polar Vortex          Ice            72%        N/A       3%          9

Your spell library contained the following spells:

 Spells                   Type           Power      Damage    Failure   Level
 Fire Storm               Conj/Fire      50%        8d13      100%        9
 Freeze                   Ice            100%       1d10      0%          1
 Magic Dart               Conj           100%       1d8       0%          1
 Shock                    Conj/Air       100%       1d9       0%          1
 Apportation              Tloc           84%        N/A       1%          1
 Foxfire                  Conj/Fire      100%       2x1d9     1%          1
 Kiss of Death            Conj/Necr      100%       2d13      1%          1
 Necrotise                Necr           100%       1d9       1%          1
 Sandblast                Erth           100%       2d20      1%          1
 Slow                     Hex            100%       N/A       1%          1
 Sting                    Tmut/Pois      100%       1d8       1%          1
 Summon Small Mammal      Summ           100%       N/A       1%          1
 Blink                    Tloc           84%        N/A       1%          2
 Call Imp                 Summ           42%        N/A       1%          2
 Cigotuvi's Dreadful Rot  Necr/Pois/Air  100%       N/A       1%          2
 Ensorcelled Hibernation  Hex/Ice        100%       N/A       1%          2
 Passwall                 Tmut/Erth      48%        N/A       1%          2
 Hailstorm                Conj/Ice       100%       3d20      0%          3
 Dazzling Flash           Conj/Hex       100%       N/A       1%          3
 Ignite Poison            Fire/Tmut/Pois 71%        N/A       1%          3
 Inner Flame              Hex/Fire       76%        N/A       1%          3
 Mephitic Cloud           Conj/Pois/Air  100%       N/A       1%          3
 Stone Arrow              Conj/Erth      100%       3d13      1%          3
 Vhi's Electric Charge    Tloc/Air       100%       N/A       1%          3
 Ice Form                 Ice/Tmut       100%       N/A       1%          4
 Iskenderun's Mystic Bla  Conj/Tloc      70%        2d14      1%          4
 Sticky Flame             Conj/Fire      100%       2d11      1%          4
 Summon Ice Beast         Ice/Summ       100%       N/A       1%          4
 Summon Lightning Spire   Summ/Air       100%       N/A       1%          4
 Iskenderun's Battlesphe  Conj           89%        2d14      1%          5
 Silence                  Hex/Air        51%        N/A       1%          5
 Conjure Ball Lightning   Conj/Air       60%        3x3d22    1%          6
 Simulacrum               Ice/Necr       57%        N/A       1%          6
 Starburst                Conj/Fire      50%        6d14      1%          6
 Call Canine Familiar     Summ           42%        N/A       3%          3
 Confusing Touch          Hex            42%        N/A       3%          3
 Gell's Gravitas          Tloc           42%        N/A       3%          3
 Portal Projectile        Hex/Tloc       84%        N/A       3%          3
 Summon Guardian Golem    Hex/Summ       42%        N/A       3%          3
 Teleport Other           Tloc           42%        N/A       3%          3
 Tukima's Dance           Hex            42%        N/A       3%          3
 Vampiric Draining        Necr           42%        2d9       3%          3
 Orb of Destruction       Conj           44%        9d12      4%          7
 Iron Shot                Conj/Erth      44%        9d9       5%          6
 Yara's Violent Unravell  Hex/Tmut       21%        3d10      8%          5
 Anguish                  Hex/Necr       21%        N/A       11%         4
 Animate Dead             Necr           42%        N/A       11%         4
 Cause Fear               Hex            21%        N/A       11%         4
 Dispel Undead            Necr           42%        3d17      11%         4
 Leda's Liquefaction      Hex/Erth       29%        N/A       11%         4
 Manifold Assault         Tloc           42%        N/A       11%         4
 Passage of Golubria      Tloc           42%        N/A       11%         4
 Petrify                  Tmut/Erth      58%        N/A       11%         4
 Alistair's Intoxication  Tmut/Pois      28%        N/A       28%         5
 Blade Hands              Tmut           21%        N/A       28%         5
 Borgnjor's Vile Clutch   Necr/Erth      29%        N/A       28%         5
 Summon Forest            Summ/Tloc      21%        N/A       28%         5
 Spellforged Servitor     Conj/Summ      35%        N/A       28%         7
 Storm Form               Tmut/Air       51%        N/A       32%         7
 Death Channel            Necr           21%        N/A       85%         6
 Dispersal                Tloc           21%        N/A       85%         6
 Statue Form              Tmut/Erth      38%        N/A       85%         6
 Lehudib's Crystal Spear  Conj/Erth      44%        10d11     88%         8
 Dragon Form              Tmut           21%        N/A       100%        7
 Enfeeble                 Hex            21%        N/A       100%        7
 Haunt                    Necr/Summ      21%        N/A       100%        7
 Malign Gateway           Summ/Tloc      21%        N/A       100%        7
 Monstrous Menagerie      Summ           21%        N/A       100%        7
 Discord                  Hex            21%        N/A       100%        8
 Disjunction              Tloc           21%        N/A       100%        8
 Infestation              Necr           21%        N/A       100%        8
 Summon Horrible Things   Summ           21%        N/A       100%        8
 Dragon's Call            Summ           21%        N/A       100%        9
 Animate Armour           Summ/Erth      Unusable   N/A       N/A         4

Dungeon Overview and Level Annotations

Branches:
Dungeon (15/15)            Temple (1/1) D:7            Lair (5/5) D:11
  Swamp (4/4) Lair:2        Snake (4/4) Lair:3        Slime (5/5) Lair:4
    Orc (2/2) D:11            Elf (3/3) Orc:2        Vaults (5/5) D:14
  Crypt (3/3) Vaults:2       Tomb (0/3) Crypt:3      Depths (4/4) D:15
   Hell (visited)             Dis (0/7) Hell            Geh (0/7) Hell
    Coc (0/7) Hell            Tar (0/7) Hell            Zot (2/5) Depths:4
  IceCv (visited)

Altars:
Ashenzari
Cheibriados
Dithmenos
Elyvilon
Fedhas
Gozag
Hepliaklqana
Kikubaaqudgha
Makhleb
Nemelex Xobeh
Okawaru
Qazlal
Ru
Sif Muna
Trog
Uskayaw
Vehumet
Wu Jian
Xom
Yredelemnul
Zin
The Shining One
Jiyva

Shops:
D:13 (   D:15 *   Orc:2 ([[*:   Elf:1 (   Elf:3 *:   Snake:1 :=:
Snake:2 (**!=   Vaults:1 [   Vaults:2 =   Vaults:3 :   Vaults:4 =   Depths:1 *
Depths:2 (   Depths:3 =

Portals:
Hell: Depths:1 Depths:2 Depths:3 Depths:4
Abyss: Depths:3
Pandemonium: Depths:1 Depths:2 Depths:3 Depths:4
Ziggurat: Depths:3

Annotations:
D:12 1 runed translucent door, diodin's ghost, journeyman MiFi
D:13 1 runed translucent door, SirDiesAlot's ghost, journeyman DsGl
Elf:2 6 runed translucent doors
Vaults:2 3 runed translucent doors, Reyb's ghost, veteran DsGl
Crypt:2 2 transporters


Innate Abilities, Weirdness & Mutations

You can breathe wild blasts of lightning.
Your glossy black scales are hard. (AC +12)
You cannot fit into any form of body armour.
Your large and strong wings let you fly.
You are resistant to electric shocks. (rElec)
You are cold-blooded and may be slowed by cold attacks.


Message History

The shadow dragon bites you!!
* * * LOW HITPOINT WARNING * * *
The shadow dragon closely misses you. x2
A tentacled monstrosity comes into view.
The tentacled monstrosity tentacle-slaps you but does no damage.
The tentacled monstrosity tentacle-slaps you!
* * * LOW HITPOINT WARNING * * *
You block the tentacled monstrosity's attack.
The tentacled monstrosity constricts you.
* * * LOW HITPOINT WARNING * * *
The shadow dragon closely misses you. You block the shadow dragon's attack.
The shadow dragon misses you.
Training target 22.0 for Ice Magic reached!
Your Ice Magic skill increases to level 22!
You feel yourself speed up.
You are engulfed in blazing flames.
You resist.
You block the tentacled monstrosity's attack. x2
The tentacled monstrosity tentacle-slaps you!
* * * LOW HITPOINT WARNING * * *
The tentacled monstrosity constricts you.
* * * LOW HITPOINT WARNING * * *
The shadow dragon misses you. The shadow dragon closely misses you.
The shadow dragon claws you!
* * * LOW HITPOINT WARNING * * *
The black draconian closely misses you. The tentacled monstrosity misses you.
The tentacled monstrosity tentacle-slaps you but does no damage.
The tentacled monstrosity tentacle-slaps you.
* * * LOW HITPOINT WARNING * * *
The tentacled monstrosity constricts you.
* * * LOW HITPOINT WARNING * * *
The shadow dragon bites you but does no damage.
The shadow dragon claws you but does no damage.
The shadow dragon claws you!
* * * LOW HITPOINT WARNING * * *
Blink to where?
Press: ? - help, Dir - move target The tentacled monstrosity's grasp on you weakens, but your attempt to escape fails.
As you read the scroll of blinking, it crumbles to dust.
You are engulfed in blazing flames.
You resist.
The tentacled monstrosity tentacle-slaps you!!
You die...

# .# .##.##
.....# #....
#... #.. #†#
#@#
#..dXXD.d....
###..d.).....
#..........#
#.....##.#.##
#.#.### .. .#
.... .. #
#.... ...


You could see a shadow dragon (berserk), 2 tentacled monstrosities, 2 draconians
and a red draconian.

Vanquished Creatures
  Dissolution (Slime:1)
  the Royal Jelly (Slime:5)
  A dread lich (Crypt:3)
  Mara (Vaults:5)
  4 ancient liches
  Mennas (Vaults:5)
  Saint Roka (Crypt:2)
  A shard shrike (IceCv)
  Geryon (Hell)
  Nikola (Vaults:2)
  5 golden dragons
  3 bone dragons
  A walking crystal tome (Depths:3)
  A shard shrike skeleton (Crypt:3)
  2 electric golems (Zot:1)
  3 walking earthen tomes
  12 tentacled monstrosities
  11 liches
  21 acid blobs
  2 deep elf blademasters (Elf:3)
  2 titans
  2 deep elf master archers (Elf:3)
  Asterion (Snake:1)
  5 quicksilver dragons
  A walking frostbound tome (Depths:4)
  5 ancient champions
  Frances (D:14)
  3 death cobs
  Gastronok (D:8)
  8 sphinxes
  3 storm dragons
  6 shadow dragons
  2 thorn hunters (Swamp:4)
  9 rockslimes
  A draconian monk (Zot:1)
  5 tengu reavers
  10 azure jellies
  3 revenants
  Roxanne (Snake:3)
  12 nagarajas (Snake:4)
  11 frost giants
  A draconian scorcher (Depths:4)
  11 fire giants
  6 deep elf sorcerers
  Louise (D:14)
  A balrug (Hell)
  3 iron dragons
  Aizul (Swamp:2)
  2 draconian shifters
  2 ghost moths (Zot:1)
  15 vault wardens
  5 deep elf elementalists (Elf:3)
  3 curse skulls
  A caustic shrike zombie (Hell)
  4 ghouls
  3 war gargoyles
  2 orc warlords
  4 reapers (Hell)
  15 quicksilver oozes
  A spriggan defender (Depths:2)
  19 very ugly things
  A cacodemon (Hell)
  5 ironbound thunderhulks
  13 ironbound preservers
  14 stone giants
  10 vampire knights
  Azrael (D:15)
  A green draconian (Depths:4)
  3 yellow draconians
  5 eleionomae
  2 red draconians
  7 deep elf demonologists
  4 bunyips
  8 deep elf annihilators
  15 dire elephants
  A black draconian (Zot:1)
  5 spark wasps
  A white draconian (IceCv)
  4 eidola
  2 purple draconians
  12 ettins
  Snorg (Lair:4)
  A crystal guardian (Vaults:3)
  3 blizzard demons
  8 deep elf death magi
  2 quicksilver dragon zombies
  5 fire dragons
  5 spriggan zombies
  3 deep elf high priests
  5 jiangshi
  18 yaktaur captains
  7 rakshasas
  9 great orbs of eyes
  41 vault guards
  A quicksilver dragon skeleton (Crypt:1)
  A hell beast (Depths:3)
  3 salamander tyrants
  15 ironbound frosthearts
  A fenstrider witch zombie (Crypt:3)
  16 centaur warriors
  A peacekeeper (Vaults:1)
  11 ice dragons
  9 spriggan air magi
  20 hydras
  A catoblepas (D:13)
  13 anacondas
  3 two-headed ogres
  A death knight (Crypt:1)
  7 hell hogs (Hell)
  11 dancing weapons
  2 boulder beetles
  8 vampire magi
  8 alligators
  2 deep troll shamans
  6 tengu warriors
  3 spriggan berserkers
  20 naga warriors
  A titan zombie (Crypt:2)
  14 naga sharpshooters
  4 deep troll earth magi
  7 deep elf knights
  A storm dragon zombie (Hell)
  5 shock serpents
  3 hell knights (Depths:3)
  5 sun demons (Hell)
  3 orc high priests (Orc:2)
  2 iron trolls
  6 soul eaters (Hell)
  A bunyip zombie (Swamp:1)
  A shadow wraith (Crypt:3)
  6 skeletal warriors
  A sixfirhy (Depths:3)
  9 goliath frogs
  2 golden dragon zombies
  A skyshark (Lair:5)
  2 salamander mystics
  A deep troll (shapeshifter) (D:15)
  A sea snake (shapeshifter) (Depths:3)
  5 glowing orange brains
  3 anaconda zombies
  5 bog bodies
  A shadow dragon zombie (Hell)
  40 deep trolls
  4 naga ritualists
  7 wizards
  7 spriggan druids
  9 swamp dragons
  An obsidian statue (Vaults:3)
  4 deep elf archers (Elf:2)
  7 flayed ghosts
  An orange crystal statue (IceCv)
  7 harpies
  17 ironbound convokers
  An iron giant skeleton (Crypt:3)
  11 phantasmal warriors
  2 bunyip skeletons
  14 necromancers
  4 lindwurms
  17 deep elf pyromancers
  A harpy (shapeshifter) (D:13)
  6 shining eyes
  7 orc knights
  21 deep elf zephyrmancers
  A wolf spider (Lair:5)
  3 oklob plants
  6 mana vipers
  54 ugly things
  2 stone giant zombies
  A fire giant zombie (Hell)
  6 manticores
  A salamander (shapeshifter) (Vaults:5)
  4 will-o-the-wisps
  5 orc sorcerers
  5 cyclopes
  22 salamanders
  7 moths of wrath
  A stone giant skeleton (Depths:1)
  3 naga zombies (Hell)
  14 naga magi
  A fire giant skeleton (Depths:1)
  2 ice statues (Hell)
  Maurice (D:13)
  A dire elephant zombie (Crypt:1)
  2 iron dragon skeletons (Crypt:2)
  9 elephants
  5 rust devils (Hell)
  18 vault sentinels
  A torpor snail (shapeshifter) (Vaults:2)
  Joseph (D:7)
  39 black mambas
  2 eyes of devastation
  16 cane toads
  8 smoke demons
  A torpor snail (Lair:4)
  3 molten gargoyles (Hell)
  4 gargoyles
  13 guardian serpents
  3 demonic crawlers (Hell)
  2 orange demons (Hell)
  A storm dragon simulacrum (Crypt:2)
  Psyche (D:8)
  14 rime drakes
  A dire elephant skeleton (Crypt:2)
  2 centaur skeletons
  Maggie (D:8)
  A naga skeleton (Crypt:2)
  7 komodo dragons
  21 yaktaurs
  An elf zombie (Vaults:2)
  4 tengu conjurers
  A yellow draconian skeleton (Crypt:3)
  An alligator snapping turtle skeleton (Crypt:3)
  6 freezing wraiths
  4 kobold demonologists
  2 sea snake zombies (Hell)
  A black draconian skeleton (Crypt:1)
  An anaconda simulacrum (Hell)
  A bunyip simulacrum (Swamp:1)
  2 minotaur skeletons
  A red devil (Depths:3)
  4 ice devils
  A meliai (shapeshifter) (Elf:1)
  2 queen bees
  3 hydra zombies
  3 guardian mummies
  A hellwing (Depths:3)
  6 meliai
  A mana viper skeleton (Crypt:2)
  2 harpy zombies
  8 trolls
  2 elf skeletons (Vaults:4)
  30 polar bears
  Grinder (D:4)
  3 human skeletons
  3 bloated husks
  2 harpy skeletons (Hell)
  17 blink frogs
  A wolf spider simulacrum (D:14)
  6 tyrant leeches
  Prince Ribbit (D:5)
  A tyrant leech (shapeshifter) (Vaults:5)
  A hydra skeleton (Hell)
  121 slime creatures
  10 hornets
  A satyr zombie (Crypt:2)
  14 spriggans
  An ettin zombie (Hell)
  3 flying skulls (Crypt:3)
  2 shadows
  8 water elementals
  3 alligator zombies
  A black mamba zombie (Hell)
  14 wyverns
  8 wraiths
  2 spriggans (shapeshifter)
  3 air elementals
  A ynoxinul (Depths:3)
  A black mamba skeleton (Crypt:2)
  9 basilisks
  2 vampires (D:12)
  8 fire elementals
  8 golden eyes
  A hog (shapeshifter) (D:14)
  A sea snake simulacrum (Hell)
  A steam dragon (D:7)
  38 yaks
  2 chaos spawn (Depths:1)
  A neqoxec (Depths:3)
  A redback (Lair:5)
  3 vampire mosquitoes (D:12)
  A spriggan simulacrum (Depths:1)
  A deep troll zombie (Crypt:1)
  47 nagas
  2 wargs
  6 harpy simulacra
  A skyshark zombie (Crypt:3)
  A demonspawn zombie (Crypt:2)
  16 swamp worms
  28 water moccasins
  A hydra simulacrum (Swamp:1)
  11 hell hounds
  3 acid dragons
  An ogre skeleton (Vaults:2)
  3 floating eyes
  2 ice beasts
  13 swamp drakes
  A sky beast (D:6)
  35 orc warriors
  3 black bears
  5 ogres
  A dream sheep skeleton (Crypt:3)
  A lindwurm skeleton (Crypt:3)
  A centaur (shapeshifter) (Depths:3)
  32 wolves
  19 centaurs
  A hog skeleton (Crypt:1)
  Blork the orc (D:4)
  A draconian zombie (Crypt:1)
  5 kobold brigands
  7 bullfrogs
  3 earth elementals
  3 gnoll sergeants
  A naga simulacrum (Hell)
  2 necrophages
  A scorpion (Lair:4)
  A glowing shapeshifter simulacrum (Depths:1)
  18 wights
  2 cyclops skeletons (Crypt:2)
  44 killer bees
  5 howler monkeys
  5 electric eels
  A swamp dragon simulacrum (Swamp:1)
  A lava snake (Snake:3)
  2 jellies (D:7)
  2 sleepcaps
  5 human zombies (Crypt:1)
  12 orc priests
  8 hounds
  4 gnoll boudas
  24 orc wizards
  4 iguanas
  An iguana (shapeshifter) (D:13)
  A basilisk skeleton (Crypt:2)
  8 hell rats
  2 mummies (Crypt:1)
  7 adders
  15 gnolls
  3 shadow imps
  4 white imps
  An ufetubus (D:7)
  2 worms
  3 dart slugs
  85 orcs
  4 bats
  10 endoplasms
  3 giant cockroaches (D:1)
  6 goblins
  4 hobgoblins
  8 jackals (D:1)
  23 kobolds
  A quokka (D:1)
  13 ball pythons
  A ball python zombie (Crypt:1)
  6 frilled lizards
  A frilled lizard zombie (Crypt:1)
  An orc zombie (Crypt:3)
  A rat (D:2)
  A rat skeleton (Crypt:1)
  A bush (Lair:5)
  5 butterflies (Lair:5)
2256 creatures vanquished.

Vanquished Creatures (others)
  A peacekeeper (Vaults:3)
  2 bloated husks (Swamp:1)
  5 foxfires
  62 fungi
  117 plants
187 creatures vanquished.

Grand Total: 2443 creatures vanquished

Notes
Turn   | Place    | Note
-------+----------+-------------------------------------------
     0 | D:1      | oldriver the Draconian Ice Elementalist began the quest for
                  | the Orb.
     0 | D:1      | Reached XP level 1. HP: 14/14 MP: 3/3
   165 | D:1      | Reached XP level 2. HP: 22/22 MP: 3/5
   272 | D:1      | Reached skill level 1 in Fighting
   727 | D:1      | Reached XP level 3. HP: 28/28 MP: 2/6
  1431 | D:2      | Learned a level 3 spell: Frozen Ramparts
  1435 | D:2      | Learned a level 3 spell: Ozocubu's Armour
  1579 | D:2      | Found a faded altar of an unknown god.
  1720 | D:2      | Reached XP level 4. HP: 32/36 MP: 5/8
  2653 | D:3      | Found an iron altar of Okawaru.
  2653 | D:3      | Found a shadowy altar of Dithmenos.
  2686 | D:4      | Identified the ring "Qeupp" {Will+ rCorr Dex+8 SInv Stlth-}
  2897 | D:4      | Reached XP level 5. HP: 39/44 MP: 1/9
  2993 | D:4      | Noticed Blork the orc
  3001 | D:4      | Killed Blork the orc
  3002 | D:4      | Reached skill level 5 in Ice Magic
  3181 | D:4      | Noticed Grinder
  3233 | D:4      | Killed Grinder
  3234 | D:4      | Reached XP level 6. HP: 52/52 MP: 7/12
  3513 | D:5      | Entered Level 5 of the Dungeon
  3538 | D:5      | Your scales start taking on a glossy black colour.
  3538 | D:5      | Reached XP level 7. HP: 60/60 MP: 13/13
  3538 | D:5      | Gained mutation: You are resistant to electric shocks.
                  | (rElec) [Black Draconian growth]
  3640 | D:5      | Identified the +8 hand axe of Infinity {elec, rF- Str+6}
  3725 | D:5      | Reached skill level 6 in Ice Magic
  3836 | D:5      | Reached skill level 5 in Fighting
  3919 | D:5      | Noticed Prince Ribbit
  4010 | D:5      | Killed Prince Ribbit
  4011 | D:5      | Reached skill level 5 in Spellcasting
  4253 | D:5      | Got the Incunabulum of Frostbite and Bombardment
  4267 | D:5      | Reached XP level 8. HP: 70/70 MP: 10/16
  4430 | D:6      | Got the Elucidation of Fallacy
  5052 | D:6      | Reached skill level 7 in Ice Magic
  5068 | D:6      | HP: 2/63 [wight/+0 long sword (3)]
  5715 | D:6      | Reached skill level 1 in Ranged Weapons
  5715 | D:6      | Reached XP level 9. HP: 35/77 MP: 13/19
  6473 | D:7      | Reached skill level 8 in Ice Magic
  6619 | D:7      | Noticed a two-headed ogre
  6624 | D:7      | Killed a two-headed ogre
  7116 | D:7      | Found a staircase to the Ecumenical Temple.
  7206 | D:7      | Reached skill level 5 in Ranged Weapons
  7234 | D:7      | Noticed Joseph
  7267 | Temple   | Entered the Ecumenical Temple
  7562 | Temple   | Became a worshipper of Vehumet
  7742 | D:7      | Killed Joseph
  7743 | D:7      | Reached XP level 10. HP: 64/86 MP: 14/20
  7852 | D:7      | Reached skill level 9 in Ice Magic
  7943 | D:7      | Noticed a gargoyle
  7951 | D:7      | Killed a gargoyle
  8381 | D:8      | Noticed Maggie
  8391 | D:8      | Killed Maggie
  8554 | D:8      | Noticed Psyche
  8563 | D:8      | Killed Psyche
  8564 | D:8      | Reached skill level 10 in Fighting
  8601 | D:8      | Learned a level 4 spell: Summon Ice Beast
  8609 | D:8      | Learned a level 7 spell: Ozocubu's Refrigeration
  8679 | D:8      | Reached * piety under Vehumet
  8679 | D:8      | Offered knowledge of Foxfire by Vehumet.
  8976 | D:8      | Noticed Gastronok
  8999 | D:8      | Killed Gastronok
  9172 | D:8      | Reached XP level 11. HP: 53/96 MP: 24/24
  9501 | D:8      | Found an ornate altar of the Wu Jian Council.
  9816 | D:9      | Found a stormy altar of Qazlal.
 10175 | D:9      | Found a shimmering blue altar of Sif Muna.
 11108 | D:10     | Entered Level 10 of the Dungeon
 11126 | D:10     | Reached skill level 10 in Spellcasting
 11231 | D:10     | Found a sparkling altar of Nemelex Xobeh.
 11585 | D:10     | Offered knowledge of Scorch by Vehumet.
 11588 | D:10     | Reached ** piety under Vehumet
 11854 | D:10     | Identified the +1 pair of boots of Xom's Favour {rElec
                  | Str+3 Int+3}
 12026 | D:11     | Noticed a skeletal warrior
 12197 | D:11     | Noticed a two-headed ogre
 12204 | D:11     | Killed a two-headed ogre
 12208 | D:11     | Offered knowledge of Hailstorm by Vehumet.
 12455 | D:11     | Noticed a skeletal warrior
 12456 | D:11     | Noticed a skeletal warrior
 12458 | D:11     | Noticed a skeletal warrior
 12459 | D:11     | Reached skill level 10 in Ice Magic
 12461 | D:11     | Noticed a boulder beetle
 12475 | D:11     | Noticed a skeletal warrior
 12480 | D:11     | Found a staircase to the Orcish Mines.
 12488 | D:11     | Reached *** piety under Vehumet
 12735 | D:11     | Found a staircase to the Lair.
 13214 | Lair:1   | Entered Level 1 of the Lair of Beasts
 13225 | Lair:1   | Reached skill level 5 in Dodging
 13437 | Lair:1   | Reached XP level 12. HP: 105/106 MP: 26/26
 13710 | Lair:1   | Reached skill level 11 in Ice Magic
 14336 | Orc:1    | Entered Level 1 of the Orcish Mines
 15011 | Orc:2    | Entered Level 2 of the Orcish Mines
 15061 | Orc:2    | Noticed an orc high priest
 15068 | Orc:2    | Killed an orc high priest
 15069 | Orc:2    | Noticed an orc high priest
 15093 | Orc:1    | Reached skill level 12 in Ice Magic
 15214 | Orc:2    | Killed an orc high priest
 15396 | Orc:2    | Offered knowledge of Fulminant Prism by Vehumet.
 16183 | Orc:2    | Found Radghaqei's Armour Shoppe.
 16183 | Orc:2    | Noticed an orc high priest
 16185 | Orc:2    | Killed an orc high priest
 16237 | Orc:2    | Found a staircase to the Elven Halls.
 16242 | Orc:2    | Reached skill level 13 in Ice Magic
 16363 | Orc:2    | Reached **** piety under Vehumet
 16400 | Orc:2    | Offered knowledge of Yara's Violent Unravelling by Vehumet.
 16789 | Orc:2    | Learned a level 5 spell: Fireball
 17072 | Orc:2    | Reached skill level 1 in Conjurations
 17325 | Orc:2    | Noticed an orc warlord
 17366 | Orc:2    | Killed an orc warlord
 17612 | Orc:2    | Reached ***** piety under Vehumet
 17612 | Orc:2    | Offered knowledge of Sticky Flame by Vehumet.
 17759 | Orc:2    | Found Cyrgh's Antique Weapon Emporium.
 17847 | Orc:2    | Found Paneliciu's Antique Armour Emporium.
 17879 | Orc:2    | Found Sosirock's Book Emporium.
 17907 | Orc:2    | Reached XP level 13. HP: 108/113 MP: 3/27
 18081 | Orc:2    | Found Zaitodoar's General Store.
 18103 | Orc:2    | Bought a translucent shortbow for 216 gold pieces
 18103 | Orc:2    | Identified the +7 shortbow of Canin {drain, Will+ Str+6}
                  | (You bought it in a shop on level 2 of the Orcish Mines)
 18514 | Lair:2   | Reached skill level 14 in Ice Magic
 18871 | Lair:2   | Found a staircase to the Swamp.
 18985 | Lair:2   | Found a blossoming altar of Fedhas.
 19271 | Lair:2   | Identified the +4 dagger "Tetauras" {heavy, rPois Int+3}
 20181 | Lair:3   | Found a staircase to the Snake Pit.
 21081 | Lair:3   | Learned a level 4 spell: Airstrike
 21639 | Lair:3   | Reached skill level 1 in Air Magic
 22755 | Lair:4   | Noticed Snorg
 22759 | Lair:4   | Killed Snorg
 22992 | Lair:4   | Found a viscous altar of Jiyva.
 22992 | Lair:4   | Found a staircase to the Slime Pits.
 23586 | Lair:4   | Gained mutation: Your large and strong wings let you fly.
                  | [Black Draconian growth]
 23586 | Lair:4   | Reached XP level 14. HP: 124/124 MP: 17/29
 23724 | Lair:4   | Offered knowledge of Freezing Cloud by Vehumet.
 24291 | Lair:5   | Entered Level 5 of the Lair of Beasts
 26581 | Lair:5   | Reached skill level 5 in Air Magic
 27119 | D:12     | Reached skill level 15 in Ice Magic
 27481 | D:12     | Reached skill level 5 in Stealth
 27713 | D:12     | Found a runed translucent door.
 27714 | D:12     | Found a shimmering altar of Xom.
 27714 | D:12     | Noticed diodin's ghost (journeyman MiFi)
 28314 | D:13     | Found a runed translucent door.
 28314 | D:13     | Noticed SirDiesAlot's ghost (journeyman DsGl)
 28526 | D:13     | Noticed Maurice
 28528 | D:13     | Killed Maurice
 28741 | D:13     | Reached skill level 10 in Ranged Weapons
 28803 | D:13     | Reached XP level 15. HP: 131/132 MP: 16/31
 28946 | D:13     | Found Qedionwa's Weapon Boutique.
 29061 | D:13     | Offered knowledge of Irradiate by Vehumet.
 29486 | D:13     | Reached skill level 1 in Evocations
 30617 | D:14     | Learned a level 3 spell: Swiftness
 30719 | D:14     | Noticed Frances
 30728 | D:14     | Killed Frances
 30948 | D:14     | Reached skill level 10 in Stealth
 30950 | D:14     | Found a gate to the Vaults.
 31169 | D:14     | Found an iron altar of Okawaru.
 31192 | D:14     | Noticed Louise
 31198 | D:14     | Killed Louise
 31768 | Snake:1  | Entered Level 1 of the Snake Pit
 32279 | Snake:1  | Identified the +3 kite shield of the Land of Plenty {Fly
                  | Dex+3}
 32279 | Snake:1  | Noticed Asterion
 32284 | Snake:1  | Killed Asterion
 33181 | Snake:1  | Found Qastrov's Book Emporium.
 33182 | Snake:1  | Found Byumad's Jewellery Boutique.
 33184 | Snake:1  | Found Woufit's Book Emporium.
 33836 | Snake:2  | Offered knowledge of Arcjolt by Vehumet.
 34653 | Snake:2  | Found Bipaf's Jewellery Boutique.
 34729 | Snake:2  | Found Qefirual's Assorted Antiques.
 34729 | Snake:2  | Found Kafokupp's Distillery.
 34764 | Snake:2  | Found Ekelaow's Weapon Shop.
 34764 | Snake:2  | Found Ymyeghor's General Store.
 35138 | Orc:2    | Bought the +3 Elemental Staff {rElec rF++ rC++ AC+5} for
                  | 2335 gold pieces
 35138 | Orc:2    | Found the +3 Elemental Staff {rElec rF++ rC++ AC+5}
 35548 | Snake:3  | Reached XP level 16. HP: 133/139 MP: 29/34
 35551 | Snake:3  | Reached skill level 1 in Shields
 36424 | Snake:3  | Learned a level 5 spell: Arcjolt
 36624 | Snake:3  | Identified the +1 pair of boots of Darkness {rPois}
 37465 | Snake:3  | Identified Roxanne's Parchment of the Valley
 37465 | Snake:3  | Noticed Roxanne
 37592 | Snake:3  | Killed Roxanne
 37901 | Snake:3  | Reached skill level 5 in Shields
 38049 | Snake:4  | Entered Level 4 of the Snake Pit
 38493 | Snake:4  | Reached skill level 10 in Dodging
 39785 | Snake:4  | Offered knowledge of Iron Shot by Vehumet.
 40229 | Snake:4  | Reached XP level 17. HP: 146/146 MP: 19/35
 40563 | Snake:4  | Reached skill level 10 in Shields
 41720 | Snake:4  | Got a serpentine rune of Zot
 42107 | Swamp:1  | Entered Level 1 of the Swamp
 44805 | Swamp:2  | Reached skill level 5 in Evocations
 45027 | Swamp:2  | Noticed Aizul
 45031 | Swamp:2  | Killed Aizul
 45715 | Swamp:3  | Reached ****** piety under Vehumet
 45715 | Swamp:3  | Offered knowledge of Spellforged Servitor by Vehumet.
 46248 | Swamp:3  | Reached skill level 1 in Fire Magic
 46595 | Swamp:4  | Entered Level 4 of the Swamp
 47091 | Elf:1    | Entered Level 1 of the Elven Halls
 47101 | Elf:1    | Reached skill level 5 in Conjurations
 47114 | Elf:1    | Reached XP level 18. HP: 148/156 MP: 14/36
 47146 | Elf:1    | Found Yschox's Weapon Emporium.
 47512 | Elf:1    | Found a frozen archway.
 47569 | IceCv    | Entered an ice cave
 48096 | IceCv    | Got the Grimoire of the Congregation and Topology
 48175 | IceCv    | Offered knowledge of Ignition by Vehumet.
 48789 | IceCv    | Noticed a shard shrike
 48859 | IceCv    | Reached skill level 16 in Ice Magic
 48940 | IceCv    | Killed a shard shrike
 49484 | IceCv    | Identified the +1 pair of gloves "Garr" {rF+ Dex+6 SInv}
 49544 | IceCv    | Learned a level 8 spell: Ignition
 50157 | Elf:1    | Reached skill level 15 in Spellcasting
 51611 | Snake:3  | Identified a scroll of acquirement
 51612 | Snake:3  | Acquired 572 gold pieces
 51665 | Snake:2  | Bought an amulet of magic regeneration for 570 gold pieces
 52624 | Swamp:4  | Got a decaying rune of Zot
 53207 | Vaults:1 | Entered Level 1 of the Vaults
 53324 | Vaults:1 | Reached skill level 5 in Fire Magic
 53442 | Vaults:1 | Reached XP level 19. HP: 141/166 MP: 17/38
 53442 | Vaults:1 | Offered knowledge of Fire Storm by Vehumet.
 53442 | Vaults:1 | Offered knowledge of Polar Vortex by Vehumet.
 53442 | Vaults:1 | Offered knowledge of Maxwell's Capacitive Coupling by
                  | Vehumet.
 53630 | Vaults:1 | Learned a level 9 spell: Polar Vortex
 54297 | Vaults:1 | Found Qouhok's Antique Armour Emporium.
 54934 | Vaults:2 | Identified the +0 pair of gloves "Usivukle" {Fly Will-
                  | rCorr}
 54934 | Vaults:2 | Noticed Nikola
 55904 | Vaults:2 | You are sucked into a shaft and drop 2 floors!
 56256 | Vaults:2 | Killed Nikola
 57086 | Snake:1  | Bought a manual of Staves for 880 gold pieces
 57481 | Elf:1    | Got the Anthology of Blasts and Command
 57631 | Elf:2    | Reached skill level 1 in Staves
 57983 | Elf:2    | Found a runed translucent gate.
 57983 | Elf:2    | Found a runed translucent gate.
 57984 | Elf:2    | Found a runed translucent gate.
 58172 | Elf:2    | Found a runed translucent gate.
 58172 | Elf:2    | Found a runed translucent gate.
 58172 | Elf:2    | Found a runed translucent gate.
 58730 | Vaults:3 | Found Fuadut's Book Shoppe.
 59206 | Vaults:3 | Reached XP level 20. HP: 142/174 MP: 34/40
 59431 | Vaults:3 | Reached skill level 17 in Ice Magic
 59547 | Vaults:3 | Reached skill level 5 in Staves
 60020 | Vaults:3 | Noticed a golden dragon
 60028 | Vaults:3 | a golden dragon changed into an iron dragon
 60464 | Vaults:3 | Identified the +1 buckler "Kameilao" {Will- Str+7}
 61143 | Vaults:4 | Found Naogu's Jewellery Shop.
 61150 | Vaults:4 | Bought the ring of Reont {Will+ Str+4 Int+6} for 627 gold
                  | pieces
 61508 | Vaults:4 | Reached skill level 15 in Stealth
 61970 | Vaults:4 | Identified the +0 flail of Zealous Gallantry {speed, rElec
                  | Str+3}
 62420 | D:15     | Entered Level 15 of the Dungeon
 62645 | D:15     | Found Geptupn's General Store.
 62765 | D:15     | Noticed Azrael
 62767 | D:15     | Killed Azrael
 63216 | D:15     | Found a staircase to the Depths.
 63444 | Slime:1  | Entered Level 1 of the Pits of Slime
 64272 | Slime:2  | Noticed Dissolution
 64284 | Slime:1  | Killed Dissolution
 64347 | Slime:2  | Reached XP level 21. HP: 181/181 MP: 41/41
 64405 | Slime:2  | Reached skill level 10 in Air Magic
 65666 | Slime:5  | Entered Level 5 of the Pits of Slime
 65751 | Slime:5  | Reached skill level 10 in Evocations
 65887 | Slime:4  | Reached skill level 10 in Staves
 66196 | Slime:5  | Found a viscous altar of Jiyva.
 66238 | Slime:5  | Noticed the Royal Jelly
 66251 | Slime:5  | Killed the Royal Jelly
 66252 | Slime:5  | Reached skill level 18 in Ice Magic
 66371 | Slime:5  | Reached skill level 15 in Fighting
 66469 | Slime:5  | Identified the ring of the Ego {rF+ AC+4}
 66492 | Slime:5  | Identified the +11 long sword of Zin {protect, rElec Str+3
                  | Int+2 Dex+3}
 66546 | Slime:5  | Got a slimy rune of Zot
 66992 | Elf:3    | Entered Level 3 of the Elven Halls
 67012 | Elf:3    | Found Ydolit's Vocational Training.
 67320 | Elf:3    | Identified the +7 great mace of the Volcano {drain, Contam
                  | rF+ Int+4}
 67325 | Elf:3    | Identified the amulet of Utamut {Acrobat rN+}
 67398 | Elf:3    | Identified the ring of Taughalobi {Drain rElec Will+ Int+2
                  | Dex+6}
 67685 | Elf:3    | Got Fiafoes's Octavo of Gelid Fumes
 67692 | Elf:3    | Identified the +2 sling of Mounit {drain, Will+ rCorr
                  | Str+5}
 67930 | Elf:3    | Found Zuentub's Assorted Antiques.
 68277 | Elf:3    | Bought the +3 warlock's mirror {omnireflect} for 1320 gold
                  | pieces
 68277 | Elf:3    | Found the +3 warlock's mirror {omnireflect}
 68594 | Vaults:2 | Found a runed translucent gate.
 68594 | Vaults:2 | Found a runed translucent gate.
 68594 | Vaults:2 | Found a runed translucent gate.
 68595 | Vaults:2 | Noticed Reyb's ghost (veteran DsGl)
 68628 | Vaults:2 | Reached XP level 22. HP: 193/193 MP: 25/42
 69074 | Vaults:2 | Found a basalt altar of Yredelemnul.
 69086 | Vaults:2 | Found a staircase to the Crypt.
 69087 | Vaults:2 | Found an ancient bone altar of Kikubaaqudgha.
 69097 | Vaults:2 | Found Rial's Jewellery Shoppe.
 69328 | Crypt:1  | Entered Level 1 of the Crypt
 70003 | Vaults:5 | Entered Level 5 of the Vaults
 70220 | Vaults:5 | Reached skill level 19 in Ice Magic
 70587 | Vaults:5 | Noticed a dread lich
 70896 | Vaults:5 | Noticed Mara
 70901 | Vaults:5 | Killed Mara
 71137 | Vaults:5 | Identified the +1 mace of Lucw {heavy, Str+2 Stlth+}
 71182 | Vaults:5 | Identified the +4 dagger "Koczi" {flame, rF+}
 71246 | Vaults:5 | Acquired 843 gold pieces
 71303 | Vaults:5 | Identified the +0 spear of Gloom {pain, rElec rC+}
 71617 | Vaults:5 | Noticed an ancient lich
 71644 | Vaults:5 | Killed an ancient lich
 71900 | Vaults:5 | Found the +10 zealot's sword {holy, Zealotry, *Rage rN+
                  | EV+3}
 71932 | Vaults:5 | Noticed a golden dragon
 71939 | Vaults:5 | Killed a golden dragon
 71940 | Vaults:5 | Reached XP level 23. HP: 202/202 MP: 12/45
 72155 | Vaults:5 | Reached skill level 20 in Ice Magic
 72170 | Vaults:5 | Noticed Mennas
 72477 | Vaults:5 | Noticed an ancient lich
 72485 | Vaults:5 | Killed an ancient lich
 72754 | Vaults:5 | Identified the +5 great sword of Eternity {elec, rC- Str+5}
 72790 | Vaults:5 | Killed Mennas
 72873 | Vaults:5 | Got Asmodeus's Octavo of the Retinue
 72875 | Vaults:5 | Got the Writings on Radiant Last Rites
 73492 | Vaults:5 | Identified the +5 whip "Ozabiad" {venom, rF+ Will++ SInv}
 73552 | Vaults:5 | Got the Precepts of Vile Venin
 73559 | Vaults:5 | Got a silver rune of Zot
 73872 | Depths:1 | Entered Level 1 of the Depths
 73932 | Depths:1 | Learned a level 8 spell: Maxwell's Capacitive Coupling
 73942 | Depths:1 | Learned a level 9 spell: Chain Lightning
 74055 | Depths:1 | Found Vibat's Gadget Gallery.
 74775 | Depths:1 | Found a one-way gate leading to the halls of Pandemonium.
 74955 | Depths:1 | Found a gateway to Hell.
 75131 | Depths:2 | Found Zadihey's Weapon Boutique.
 75824 | Depths:2 | Identified the +6 broad axe of Xiliebbo {venom, Fly rElec
                  | rF+}
 76016 | Depths:3 | Found Ropug's Jewellery Boutique.
 76544 | Depths:3 | Found a sacrificial altar of Ru.
 77097 | Depths:3 | You are sucked into a shaft and drop 1 floor!
 77097 | Depths:4 | Entered Level 4 of the Depths
 77178 | Depths:4 | Reached XP level 24. HP: 46/212 MP: 16/46
 78102 | Depths:3 | Found a one-way gate to the infinite horrors of the Abyss.
 78266 | Depths:3 | Found a one-way gateway to a ziggurat.
 78591 | Depths:4 | Found a gate to the Realm of Zot.
 78853 | Depths:4 | Found a glowing golden altar of the Shining One.
 78986 | Hell     | Entered the Vestibule of Hell
 78986 | Hell     | Noticed Geryon
 78997 | Hell     | Killed Geryon
 79133 | Hell     | Noticed an ancient lich
 79145 | Hell     | Killed an ancient lich
 79146 | Hell     | Reached skill level 15 in Air Magic
 79627 | Hell     | Found a gateway to the decaying netherworld of Tartarus.
 79847 | Hell     | Found a gateway to the ashen valley of Gehenna.
 79905 | Hell     | Found a gateway to the Iron City of Dis.
 80077 | Hell     | Found a gateway to the freezing wastes of Cocytus.
 80199 | Zot:1    | Entered Level 1 of the Realm of Zot
 80978 | Zot:1    | Noticed an ancient lich
 81006 | Zot:1    | Killed an ancient lich
 81007 | Zot:1    | Reached skill level 10 in Conjurations
 81007 | Zot:1    | Reached skill level 21 in Ice Magic
 82701 | Crypt:2  | Reached XP level 25. HP: 221/223 MP: 19/47
 82933 | Crypt:2  | Found a transporter.
 83047 | Crypt:2  | Found a transporter.
 83047 | Crypt:2  | Noticed an ancient lich
 83306 | Crypt:2  | Noticed Saint Roka
 83323 | Crypt:2  | Killed Saint Roka
 83945 | Crypt:3  | Entered Level 3 of the Crypt
 84534 | Crypt:3  | Found a basalt altar of Yredelemnul.
 84591 | Crypt:3  | Found a staircase to the Tomb.
 84817 | Crypt:3  | Noticed a dread lich
 85230 | Crypt:3  | Killed a dread lich
 85243 | Crypt:3  | Identified the +4 flail "Qiqaopn" {speed, Int+3}
 85685 | Zot:1    | Learned a level 8 spell: Ignition
 86356 | Zot:2    | Reached skill level 22 in Ice Magic
 86356 | Zot:2    | HP: 3/224 [shadow dragon (10)]
 86357 | Zot:2    | Demolished by a tentacled monstrosity

Illustrated notes

Levels and vault maps discovered:
D:1:      dpeg_arrival_pits, layout_loops_ring, serial_forest,
          infiniplex_forest_straight_5, infiniplex_forest_clump_tiny,
          infiniplex_forest_end_3, infiniplex_forest_lined_room_3,
          infiniplex_forest_clump_long
D:2:      layout_basic, basic_ecumenical_altar
D:3:      layout_basic, gammafunk_temple_overflow_elements, minmay_unequal
D:4:      layout_cave_pools, st_stairs_7, uniq_grinder, uniq_blork_the_orc
D:5:      layout_basic, minmay_statues_item, uniq_prince_ribbit1
D:6:      layout_basic, nrook_mini_backslash, kennysheep_small_square
D:7:      minmay_slanted_spiral_squares, layout_basic, temple_doors_e,
          uniq_joseph
D:8:      layout_basic, nzn_wu_jian_council_hall, chequers_serial_rivers_marsh,
          item_on_display_a, uniq_gastronok, uniq_psyche, uniq_maggie
D:9:      layout_cave_pools, mainiacjoe_overflow_alcove_1,
          mainiacjoe_overflow_concentric_impassable, serial_co_window_serial,
          co_window_corner_a, co_window_corner_a, co_window_corner_a,
          co_window_of_opportunity_a, co_window_cross_1,
          co_window_of_opportunity_a, co_window_corner_a, co_window_corner_b,
          co_window_paths_c, co_window_corner_ca, co_window_cross_2,
          co_window_corner_b, co_window_corner_b, co_window_4corner_a,
          co_window_paths_e, glass_columns_b, glass_columns_a, glass_columns_b,
          mrwooster_statue_mirror
D:10:     layout_roguey, nemelex_spade_bored_becter, serial_bayou_crossing
D:11:     layout_long_grid, erik_lair_island, david_orc_2
D:12:     layout_long_grid, ebering_ghost_xom, nicolae_looking_at_the_future
D:13:     layout_irregular_city, gammafunk_ghost_grave, serial_shops,
          nicolae_shop_bloodbath_and_beyond, onia_ninara_cookie, uniq_maurice
D:14:     layout_roguey, david_vaults_5, okawaru_trees_2, uniq_louise,
          uniq_frances
D:15:     gammafunk_enter_depths_forms, layout_basic, serial_shops,
          nicolae_shop_temple_entry_statues_fountains, minivault_4, uniq_azrael
Temple:   minmay_temple_bridge_d
Lair:1:   layout_long_grid, gammafunk_lair_bear_cave
Lair:2:   layout_regular_city, palyth_hydra_swamp_entry, hangedman_tree_tricks,
          grunt_forest_large_clearings, serial_bayou_shore_a
Lair:3:   regret_index_combs_of_tragedy, layout_layer_cave,
          minmay_snake_entry_guardpost_medium
Lair:4:   layout_roguey, dpeg_slime_entry_enclosed,
          chequers_serial_rivers_micro_b, minmay_hedge_maze,
          minmay_lair_oklob_items, nicolae_lair_lakeside_cave,
          grunt_megastairs_2, uniq_snorg
Lair:5:   hangedman_lair_tendril_chambers, layout_concentric_octagons,
          lemuel_fruit_fields, lemuel_fruit_fields
Swamp:1:  layout_basic_swamp, hangedman_swamp_lotus,
          nicolae_swamp_necromancer_hut
Swamp:2:  layout_falls_marsh, serial_swamp_ruin, evilmike_swamp_ruin_house_6,
          evilmike_swamp_ruin_house_1, nicolae_swamp_snake_nest,
          infiniplex_staircase_pool_2, uniq_aizul
Swamp:3:  layout_basic_swamp, hangedman_swamp_ruin_wall
Swamp:4:  swamp, layout_basic_swamp
Snake:1:  layout_basic, st_stairs_9, minmay_shop_grove, uniq_asterion
Snake:2:  layout_onion_interference, nicolae_snake_serpentine_bazaar
Snake:3:  layout_honeycomb, nicolae_snake_single_loop,
          nicolae_snake_salamander_fort, uniq_roxanne
Snake:4:  grunt_snake_rune_spirals, layout_onion_interference
Slime:1:  layout_caves
Slime:2:  layout_caves, dissolution_awaits
Slime:3:  nicolae_slime_pool, layout_caves, nicolae_slime_rock_hall_of_fame,
          uniq_dissolution
Slime:4:  layout_caves
Slime:5
Orc:1:    nicolae_orc_accident_2, layout_diamond_mine, serial_shops,
          nicolae_shop_crystal
Orc:2:    grunt_orc_cross, layout_caves, serial_shops, shop, mines4_lemuel
Elf:1:    elf_arrival_001, layout_onion_city, serial_shops, shop,
          portal_ice_cave_entry_ugly_swarm, minmay_elf_sorcery
Elf:2:    nicolae_elf_blades_splatter_lattice [nicolae_blade_little_rooms],
          layout_rooms, ploomutoo_gammafunk_ghost_potion_laboratory,
          serial_sigils, serial_sigils_hangedman_clutch,
          serial_sigils_hangedman_writhe, serial_sigils_hangedman_gut,
          solitary_fountain
Elf:3:    elf_hall, layout_loops_cross, serial_shops, shop, grunt_ministairs_12,
          nicolae_shop_vocational
Vaults:1: vaults_room_mumra_shop_pool, v_misc_22, ontoclasm_vaults_eye,
          v_misc_26, ontoclasm_vaults_fault, v_misc_14, vaults_dpeg_hooks,
          nicolae_vaults_yaktaur_gun_rack, layout_vaults_quadrants
Vaults:2: gammafunk_ghost_tricky_traps, v_misc_22,
          minmay_crypt_entry_necro_gods, nicolae_vaults_network_barrier,
          nicolae_vaults_little_squares_4, nicolae_vaults_little_ls, st_cells,
          nicolae_vaults_angled_halls, grunt_vaults_twisty, grunt_vaults_focal,
          vaults_room_pool, v_misc_25, nicolae_vaults_big_angled_halls,
          v_misc_15, v_misc_22, vaults_room_semicircle, vaults_room_hallway,
          nicolae_vaults_border_crossing, vaults_room_hallway,
          layout_vaults_ring, serial_shops, shop, uniq_nikola
Vaults:3: nicolae_vaults_angled_halls, v_rooms_6, hangedman_vaults_stream,
          serial_ice_h, serial_ice_g, v_alt_pattern_6, dpeg_vaults_monster_box,
          nicolae_vaults_ring_of_whatevers, nicolae_vaults_specimen_jars,
          v_misc_23, v_misc_22, grunt_vaults_diagonal, vaults_dpeg_encased_lava,
          nicolae_vaults_statue_guard, layout_vaults_omnicross, serial_shops,
          shop_fountains
Vaults:4: nicolae_vaults_alarming, vaults_room_semicircle, v_rooms_1, v_rooms_5,
          v_misc_15, nicolae_vaults_halls_meeting, ontoclasm_vaults_ring_small,
          vaults_dpeg_ring, vaults_room_octagon,
          nicolae_vaults_diagonal_hallway_7, vaults_standard_mumra_x,
          vaults_room_stairs_pillars, nicolae_vaults_little_squares_3,
          v_alt_pattern_2, layout_vaults_omnibox, serial_shops,
          nicolae_shop_stone
Vaults:5: uniq_mennas, uniq_mara
Crypt:1:  layout_chaotic_city, grunt_crypt_arrival_guarded_gate
Crypt:2:  gammafunk_the_bubble [the_bubble_gammafunk_split],
          layout_misc_corridors, amcnicky_mini_corridor_feature, uniq_saint_roka
Crypt:3:  david_glass_crypt, layout_rooms, nicolae_tomb_entry_rubble_hallway,
          lemuel_statue_altar, grunt_ministairs_12
Depths:1: layout_basic, minmay_tree_intersection, rand_demon_pan_entry_8,
          grunt_hell_entry_dis_mu, nicolae_shop_gadgets, grunt_megastairs_1
Depths:2: minmay_fractal_lines_corner, layout_cave_pools,
          pf_vacation_house_of_asmodeus, serial_shops, kennysheep_mini_moat,
          pan_entry, hangedman_decor_diamond_cutter, minmay_staircase_bubble
Depths:3: hourglass_vault, layout_basic, enter_ziggurat_a,
          grunt_pan_entry_zigzag, abyss_entry, serial_shops, shop,
          hangedman_coc_ice_floe, nicolae_ru_sacrificial_ziggurat
Depths:4: evilmike_zot_entry_diamond, layout_cave_pools, hell_entry, pan_entry,
          nicolae_tso_carved_into_rock
Hell
Zot:1:    hangedman_zot_vaults_quadrants, layout_concentric_octagons
Zot:2:    layout_basic, grunt_megastairs_3

Skill      XL: |  1  2  3  4  5  6  7  8  9 10 11 12 13 14 15 16 17 18 19 20 21 22 23 24 25 |
---------------+----------------------------------------------------------------------------+-----
Fighting       | 1 2 4 6 7 10 11 12 13 14 15 16 17 18 | 18.1
Spellcasting   | 3 4 5 7 9 10 11 12 14 15 16 18 19 20 21 | 21.0
Ice Magic      | 5 6 7 8 9 10 13 14 15 16 17 18 19 20 21 22 | 22.0
Ranged Weapons | 1 5 6 8 9 10 | 10.0
Dodging        | 5 6 8 10 11 12 | 12.0
Conjurations   | 3 4 5 6 8 10 | 10.0
Air Magic      | 2 6 8 9 11 12 14 15 16 | 16.0
Stealth        | 7 12 14 15 | 15.0
Evocations     | 2 5 6 7 9 10 12 | 12.0
Shields        | 9 10 11 13 14 | 14.0
Fire Magic     | 1 5 |  5.2
Staves         | 4 8 11 13 | 13.2

Action                     |  1- 3 |  4- 6 |  7- 9 | 10-12 | 13-15 | 16-18 | 19-21 | 22-24 | 25-27 || total
---------------------------+-------+-------+-------+-------+-------+-------+-------+-------+-------++-------
  Melee: Unarmed           |    13 |       |       |       |       |       |       |       |       ||    13
         Tailslap          |     2 |     2 |       |       |       |    42 |    46 |   111 |    41 ||   244
         Short sword       |     7 |       |       |       |       |       |       |       |       ||     7
         Dagger            |    15 |     9 |       |       |       |       |       |       |       ||    24
         Punch             |     1 |       |       |       |       |       |       |       |       ||     1
         Staff             |       |       |       |       |       |   136 |   137 |   384 |   136 ||   793
   Fire: Sling             |       |    73 |   295 |   558 |    17 |       |       |       |       ||   943
         Shortbow          |       |       |       |       |   175 |       |       |       |       ||   175
   Cast: Freeze            |    73 |    40 |    33 |    23 |       |       |       |       |       ||   169
         Frozen Ramparts   |       |     4 |    40 |    57 |       |     1 |       |       |       ||   102
         Ozocubu's Armour  |       |     2 |     8 |    16 |       |       |       |       |       ||    26
         Summon Ice Beast  |       |       |       |     3 |       |       |       |       |       ||     3
         Ozocubu's Refrige |       |       |       |    97 |   440 |   550 |   655 |   594 |    96 ||  2432
         Airstrike         |       |       |       |       |     3 |    29 |    65 |    86 |       ||   183
         Fireball          |       |       |       |       |     3 |    95 |    17 |    54 |    16 ||   185
         Swiftness         |       |       |       |       |     2 |       |       |       |       ||     2
         Arcjolt           |       |       |       |       |       |    18 |    36 |    51 |    28 ||   133
         Polar Vortex      |       |       |       |       |       |       |     2 |    61 |    18 ||    81
         Maxwell's Capacit |       |       |       |       |       |       |       |       |     4 ||     4
Ability: Breathe Lightning |       |       |       |       |       |     2 |     1 |     1 |       ||     4
  Evoke: Wand              |       |       |     2 |     1 |     2 |     4 |       |     5 |       ||    14
         Condenser vane    |       |       |       |       |       |       |     3 |     5 |     1 ||     9
         Phantom mirror    |       |       |       |       |       |       |     2 |     2 |       ||     4
         Tin of tremorston |       |       |       |       |       |       |       |     4 |       ||     4
    Use: Scroll            |     3 |     6 |     6 |     7 |    11 |     6 |     6 |    13 |     2 ||    60
         Potion            |       |       |     3 |       |     2 |     1 |     2 |    10 |     1 ||    19
   Stab: Distracted        |       |       |       |       |       |       |       |       |     1 ||     1
 Armour: Skin              |    27 |    30 |    72 |   155 |    64 |    59 |    68 |   255 |    91 ||   821
  Dodge: Dodged            |    53 |    57 |   117 |   205 |    99 |   113 |   133 |   441 |   113 ||  1331
  Block: Other             |       |       |    47 |    88 |    22 |       |       |       |       ||   157
         Reflection        |       |       |     6 |     6 |     3 |    11 |    21 |    21 |       ||    68
         Buckler           |       |       |       |       |       |    21 |       |   130 |       ||   151
         Kite shield       |       |       |       |       |       |   162 |   222 |   379 |   152 ||   915

Table legend: (Time is in decaauts)
 A = Elapsed time spent in this place.
 B = Non-inter-level travel time spent in this place.
 C = Inter-level travel time spent in this place.
 D = Time resting spent in this place.
 E = Time spent auto-exploring this place.
 F = Levels seen in this place.
 G = Mean time per level.
                   A        B        C        D        E       F      G
               +--------+--------+--------+--------+--------+-----+--------+
         Total |  90129 |  82165 |   7964 |  14838 |  55784 |  55 | 1638.7 |
       Dungeon |  21399 |  18839 |   2560 |   2551 |  13495 |  15 | 1426.6 |
        Temple |    366 |    222 |    144 |      0 |    212 |   1 |  366.0 |
          Lair |  11793 |  10227 |   1566 |   2004 |   7304 |   5 | 2358.6 |
         Swamp |   6199 |   5921 |    278 |   1113 |   4095 |   4 | 1549.8 |
     Snake Pit |  10167 |   9400 |    767 |   1985 |   6430 |   4 | 2541.8 |
    Slime Pits |   3258 |   3045 |    213 |    426 |   2178 |   5 |  651.6 |
  Orcish Mines |   3761 |   3299 |    462 |   1302 |   1574 |   2 | 1880.5 |
   Elven Halls |   4899 |   4561 |    338 |    658 |   3119 |   3 | 1633.0 |
        Vaults |  12950 |  11867 |   1083 |   2336 |   7460 |   5 | 2590.0 |
         Crypt |   4050 |   3905 |    145 |    848 |   2251 |   3 | 1350.0 |
        Depths |   6188 |   5883 |    305 |   1088 |   4064 |   4 | 1547.0 |
          Hell |    784 |    768 |     16 |      0 |    635 |   1 |  784.0 |
           Zot |   1953 |   1871 |     82 |    109 |   1346 |   2 |  976.5 |
      Ice Cave |   2357 |   2357 |      0 |    417 |   1615 |   1 | 2357.0 |
               +--------+--------+--------+--------+--------+-----+--------+

Top non-repeatable levels by time:
 Snake:4: 4039 daAuts
  Lair:3: 3552 daAuts
Vaults:5: 3419 daAuts
   Orc:2: 3281 daAuts
Vaults:2: 2964 daAuts
 Snake:3: 2656 daAuts
   IceCv: 2357 daAuts
  Lair:2: 2354 daAuts
    D:14: 2336 daAuts
Vaults:4: 2303 daAuts
Vaults:3: 2241 daAuts
  Lair:4: 2218 daAuts
   Elf:1: 2171 daAuts
  Lair:5: 2138 daAuts
 Snake:1: 2056 daAuts
